 Dungeon Crawl Stone Soup version 0.31.0-10-gcf4a605ca0 (webtiles) character file.

Game seed: 8731250942551934902

505 PaiMei the Digger (level 7, -1/41 HPs)
             Began as a Gargoyle Earth Elementalist on Jan 25, 2024.
             Slain by Pikel
             ... wielding a +0 whip of freezing
              (5 damage)
             ... on level 4 of the Dungeon.
             The game lasted 00:08:33 (5595 turns).

PaiMei the Digger (Gargoyle Earth Elementalist)     Turns: 5595, Time: 00:08:34

Health: -1/41      AC:  8    Str: 11    XL:     7   Next: 18%
Magic:  8/12       EV: 17    Int: 18    God:
Gold:   245        SH:  0    Dex: 10    Spells: 12/13 levels left

rFire   + . .        t - +2 short sword (drain)
rCold   . . .        (no shield)
rNeg    + . .        a - +0 robe
rPois   ∞            (no helmet)
rElec   +            e - +0 cloak
rCorr   .            x - +0 pair of gloves
SInv    .            (no boots)
Will    .....        (no amulet)
Stlth   ++           f - ring of protection from fire
HPRegen 0.26/turn    g - +5 ring of evasion
MPRegen 0.13/turn

%: no passive effects
@: no status effects
A: sickness immunity, AC +4, negative energy resistance 1, electricity
resistance, torment resistance 1, petrification resistance
a: no special abilities


You were on level 4 of the Dungeon.
You visited 1 branch of the dungeon, and saw 4 of its levels.
You also visited: Sewer.

You collected 245 gold pieces.

Inventory:

Hand Weapons
 c - a +0 spear
 t - a +2 short sword of draining (weapon)
Missiles
 k - 24 poisoned darts (quivered)
Armour
 a - a +0 robe (worn)
 e - a +0 cloak (worn)
 x - a +0 pair of gloves (worn)
Jewellery
 f - a ring of protection from fire (left hand)
 g - a +5 ring of evasion (right hand)
 p - a +6 ring of strength
Talismans
 i - a blade talisman
 n - a maw talisman
Wands
 w - a wand of charming (13)
Scrolls
 d - a scroll of amnesia {unknown}
 h - 2 scrolls of teleportation {unknown}
 j - 2 scrolls of revelation {unknown}
 m - a scroll of fog {unknown}
 u - a scroll of enchant armour {unknown}
 v - a scroll of blinking {unknown}
 y - a scroll of vulnerability {unknown}
Potions
 b - 2 potions of magic
 l - 2 potions of lignification {unknown}
 o - 3 potions of curing {unknown}
 q - a potion of heal wounds {unknown}
 r - 6 potions of haste {unknown}
 s - a potion of resistance {unknown}


   Skills:
 + Level 3.0 Fighting
 + Level 3.3 Dodging
 - Level 2.9 Stealth
 + Level 3.7 Spellcasting
 - Level 2.0 Conjurations
 + Level 5.6 Earth Magic


You had 12 spell levels left.
You knew the following spells:

 Your Spells              Type           Power      Damage    Failure   Level
a - Sandblast             Erth           46%        2d11      1%          1

Your spell library contained the following spells:

 Spells                   Type           Power      Damage    Failure   Level
 Passwall                 Erth           23%        N/A       4%          3
 Sting                    Conj/Alch      28%        1d4       10%         1
 Stone Arrow              Conj/Erth      34%        3d9       10%         3
 Apportation              Tloc           6%         N/A       16%         1
 Necrotise                Necr           12%        1d4       16%         1
 Summon Small Mammal      Summ           12%        N/A       16%         1
 Jinxbite                 Hex            6%         N/A       22%         2
 Brom's Barrelling Bould  Conj/Erth      17%        2d4       30%         4
 Petrify                  Alch/Erth      13%        N/A       43%         4
 Yara's Violent Unravell  Hex/Alch       1%         3d3       99%         5
 Enfeeble                 Hex            1%         N/A       100%        7


Dungeon Overview and Level Annotations

Branches:
Dungeon (4/15)              Sewer (visited)
 Temple: D:4-7

Altars:
Qazlal
Uskayaw

Shops:
D:3 [

Annotations:
D:4 3 runed translucent doors, Pikel; ProzacElf's ghost, amateur KoRe


Innate Abilities, Weirdness & Mutations

You are immune to sickness and miasma.
Your stone body is resilient. (AC +4)
You are immune to poison.
You resist negative energy. (rN+)
You are resistant to electric shocks. (rElec)
You are resistant to unholy torment.
You are immune to petrification.


Message History

Press: ? - help, Shift-Dir - straight line, f - Pikel
Aim: Pikel, wielding a +0 whip of freezing and wearing a +0 robe (79% to hit)
The blast of sand misses Pikel.
Pikel hits you with a +0 whip of freezing!
Pikel freezes you.
Casting: Sandblast (safe; 1% risk of failure)
Confirm with . or Enter, or press ? or * to list all spells.
Aiming: Sandblast (safe; 1% risk of failure)
Press: ? - help, Shift-Dir - straight line, f/p - Pikel
Aim: Pikel, wielding a +0 whip of freezing and wearing a +0 robe (79% to hit)
The blast of sand hits Pikel but does no damage.
Pikel says, "Hell isn't that bad."
Pikel hits you with a +0 whip of freezing.
Pikel freezes you.
* * * LOW HITPOINT WARNING * * *
Pikel hits you with a +0 whip of freezing.
* * * LOW HITPOINT WARNING * * *
Pikel freezes you.
* * * LOW HITPOINT WARNING * * *
Casting: Sandblast (safe; 1% risk of failure)
Confirm with . or Enter, or press ? or * to list all spells.
Aiming: Sandblast (safe; 1% risk of failure)
Press: ? - help, Shift-Dir - straight line, f/p - Pikel
Aim: Pikel, wielding a +0 whip of freezing and wearing a +0 robe (79% to hit)
The blast of sand misses Pikel.
The blast of sand hits the lemure but does no damage.
Pikel hits you with a +0 whip of freezing.
* * * LOW HITPOINT WARNING * * *
Pikel freezes you.
* * * LOW HITPOINT WARNING * * *
Casting: Sandblast (safe; 1% risk of failure)
Confirm with . or Enter, or press ? or * to list all spells.
Aiming: Sandblast (safe; 1% risk of failure)
Press: ? - help, Shift-Dir - straight line, f/p - Pikel
Aim: Pikel, wielding a +0 whip of freezing and wearing a +0 robe (79% to hit)
The blast of sand hits Pikel!
Pikel is moderately wounded.
Pikel hits you with a +0 whip of freezing.
You die...
Pikel says, "Another soul for the market."

#### # ...### ..
....##.# ##
..#.##.# .
###....#.# .# #
#@K5##...##.##.#
###5##.........
#.f........#
#[..#......5#.#
##.###.....>.# #
###.......### #.
##.###.###.....#
#..#...#..#
.....#
#........#
...!.#


You could see Pikel and 2 lemures.

Vanquished Creatures
  A kobold brigand (Sewer)
  A lemure (D:4)
  2 orc priests (D:4)
  A sleepcap (D:4)
  An orc wizard (D:3)
  9 adders
  4 gnolls (D:3)
  7 river rats (Sewer)
  2 ribbon worms (D:2)
  A dart slug (D:1)
  9 orcs
  8 endoplasms
  4 giant cockroaches
  3 goblins
  6 hobgoblins
  2 jackals (D:3)
  21 kobolds
  5 quokkas
  10 ball pythons
  5 bats
  18 frilled lizards
  31 rats
151 creatures vanquished.

Notes
Turn   | Place    | Note
-------+----------+-------------------------------------------
     0 | D:1      | PaiMei the Gargoyle Earth Elementalist began the quest for
                  | the Orb.
     0 | D:1      | Reached XP level 1. HP: 10/10 MP: 3/3
   135 | D:1      | Reached XP level 2. HP: 15/15 MP: 5/5
   514 | D:1      | Reached XP level 3. HP: 19/19 MP: 6/6
   660 | D:1      | Reached skill level 4 in Earth Magic
  1953 | D:2      | Reached XP level 4. HP: 22/24 MP: 7/7
  2079 | D:3      | Found Rimewewi's Armour Shoppe.
  2115 | D:3      | Found a stormy altar of Qazlal.
  2221 | D:3      | Found a glowing drain.
  2314 | Sewer    | Entered a sewer
  2364 | Sewer    | Reached skill level 1 in Fighting
  2394 | Sewer    | Reached XP level 5. HP: 21/29 MP: 9/9
  3269 | Sewer    | Noticed a kobold brigand
  3280 | Sewer    | Killed a kobold brigand
  3281 | Sewer    | Reached skill level 5 in Earth Magic
  3281 | Sewer    | Reached XP level 6. HP: 7/35 MP: 3/10
  5224 | D:4      | Found a runed translucent gate.
  5224 | D:4      | Found a runed translucent gate.
  5242 | D:4      | Found a runed translucent gate.
  5247 | D:4      | Noticed ProzacElf's ghost (amateur KoRe)
  5283 | D:4      | Reached XP level 7. HP: 5/40 MP: 8/12
  5463 | D:4      | Found a hide-covered altar of Uskayaw.
  5515 | D:4      | Identified the +0 scale mail "Plog" {rC+ Str+3 Int+2}
  5567 | D:4      | Noticed Pikel
  5595 | D:4      | Slain by Pikel

Illustrated notes

Levels and vault maps discovered:
D:1:      tekkud_arrival_beachfront_property, layout_loops_ring, serial_forest,
          infiniplex_forest_end_2, infiniplex_forest_clump_tiny,
          infiniplex_forest_corner_1, infiniplex_forest_clump_small,
          minmay_lizard_king
D:2:      layout_basic, serial_forest, infiniplex_forest_end_2,
          infiniplex_forest_clump_small, infiniplex_forest_lined_3,
          infiniplex_forest_clump_diagonal, infiniplex_forest_straight_4,
          infiniplex_forest_side_room, infiniplex_forest_straight_4,
          kennysheep_flooded_box, minmay_misc_feat_enclosed, minivault_5,
          kennysheep_donut
D:3:      layout_basic, nicolae_qazlal_general_emergency, serial_shops,
          shop_fountains, gup_sewer_entry_glass, nicolae_grassy_gnolls
D:4:      layout_loops_cross, mainiacjoe_overflow_small_starburst,
          gammafunk_ghost_nasty_kobolds, minmay_between, uniq_pikel

Skill      XL: |  1  2  3  4  5  6  7 |
---------------+----------------------+-----
Earth Magic    | 4 5 |  5.6
Dodging        | 2 3 |  3.3
Conjurations   | 2 |  2.0
Fighting       | 1 2 3 |  3.0
Spellcasting   | 3 |  3.7
Stealth        | |  2.9

Action                     |  1- 3 |  4- 6 |  7- 9 || total
---------------------------+-------+-------+-------++-------
  Melee: Unarmed           |    16 |       |       ||    16
         Spear             |   170 |   286 |       ||   456
         Punch             |     2 |     3 |       ||     5
         Short sword       |       |    92 |    51 ||   143
   Cast: Sandblast         |     4 |    33 |     9 ||    46
   Stab: Sleeping          |     3 |     3 |       ||     6
         Distracted        |     1 |       |       ||     1
 Armour: Robe              |    67 |   202 |    24 ||   293
  Dodge: Dodged            |   145 |   427 |    36 ||   608
